 Dungeon Crawl Stone Soup version 0.31-a0-277-g31ea1f65cc (webtiles) character file.

Game seed: 13432228299836681794

1724 Newt the Skirmisher (level 9, -2/45 (54) HPs)
             Began as a Kobold Hunter on July 15, 2023.
             Slain by a gnoll sergeant
             ... wielding a +0 spear
              (9 damage)
             ... on level 6 of the Dungeon.
             The game lasted 00:05:51 (5588 turns).

Newt the Skirmisher (Kobold Hunter)                 Turns: 5588, Time: 00:05:52

HP:   -2/45 (54)    AC:  5    Str:  9    XL:     9   Next: 25%
MP:   0/9           EV: 19    Int: 10    God:
Gold: 347           SH:  0    Dex: 28    Spells: 8/8 levels left

rFire   . . .        v - +3 sling (flame)
rCold   . . .        (no shield)
rNeg    . . .        c - +0 leather armour
rPois   .            (no helmet)
rElec   .            (no cloak)
rCorr   .            j - +1 pair of gloves
SInv    +            (no boots)
Will    .....        f - amulet of guardian spirit
Stlth   +++          q - +6 ring of dexterity
HPRegen 0.27/turn    l - ring of see invisible
MPRegen 0.11/turn

%: guardian spirit
@: mesmerised, heavily drained
A: small, no large weapons, nightstalker 3
a: no special abilities


You were on level 6 of the Dungeon.
You visited 1 branch of the dungeon, and saw 6 of its levels.
You also visited: Ossuary.

You collected 347 gold pieces.

Inventory:

Hand Weapons
 a - a +1 shortbow
 b - a +0 antimagic sling
 v - a +3 sling of flaming (weapon)
Armour
 c - a +0 leather armour (worn)
 j - a +1 pair of gloves (worn)
Jewellery
 f - an amulet of guardian spirit (around neck)
 h - a +4 ring of protection
 l - a ring of see invisible (right hand)
 n - a ring of poison resistance
 q - a +6 ring of dexterity (left hand)
Wands
 k - a wand of flame (7)
Scrolls
 s - a scroll of butterflies
 u - a scroll of revelation
 y - a scroll of teleportation
 z - a scroll of blinking
 C - a scroll of amnesia
Potions
 d - a potion of brilliance
 e - 2 potions of haste
 g - 5 potions of degeneration
 i - a potion of resistance
 m - 2 potions of attraction
 o - a potion of berserk rage
 p - a potion of curing
 r - a potion of mutation {unknown}
 t - a potion of lignification
 x - a potion of invisibility
 A - a potion of magic {unknown}


   Skills:
 - Level 5.0 Fighting
 + Level 13.2 Ranged Weapons
 - Level 6.0 Dodging
 - Level 1.3 Stealth


You had 8 spell levels left.
You didn't know any spells.
Your spell library contained the following spells:

 Spells                   Type           Power      Damage    Failure   Level
 Freeze                   Ice            0%         1d3       47%         1
 Frozen Ramparts          Ice            0%         1d1       85%         3
 Hailstorm                Conj/Ice       0%         3d3       85%         3
 Animate Dead             Necr           0%         N/A       99%         4
 Haunt                    Necr/Summ      0%         N/A       100%        7
 Infestation              Necr           0%         N/A       100%        8


Dungeon Overview and Level Annotations

Branches:
Dungeon (6/15)            Ossuary (visited)
 Temple: D:4-7

Altars:
Trog
Uskayaw

Shops:
D:2 :   D:4 (

Annotations:
D:1 2 transporters
D:6 Maggie


Innate Abilities, Weirdness & Mutations

You are small and have problems with some larger weapons.
You are completely attuned to the shadows.


Message History

Unknown command.
You shoot a sling bullet.
The sling bullet hits Maggie but does no damage.
Maggie is almost dead.
Maggie completely misses you. The gnoll sergeant barely misses you.
A gnoll comes into view.
It is wielding a +0 flail of holy wrath.
Unknown command.
You shoot a sling bullet. The sling bullet barely misses Maggie.
The sling bullet hits the gnoll!
The sling bullet burns the gnoll.
You kill the gnoll!
The gnoll sergeant completely misses you.
Maggie points at you and mumbles some strange words.
The bolt of fire misses you.
Unknown command.
You shoot a sling bullet. The sling bullet hits Maggie.
The sling bullet burns Maggie.
Maggie is almost dead.
Maggie hits you with a +1 scimitar of draining!
* * * LOW HITPOINT WARNING * * *
You feel drained.
* * * LOW HITPOINT WARNING * * *
The gnoll sergeant completely misses you.
You cannot move away from Maggie!
Unknown command.
You feel better.
The gnoll sergeant hits you from afar with a +0 spear.
* * * LOW HITPOINT WARNING * * *
Maggie casts a spell.
Maggie draws you further into her thrall.
Unknown command.
You shoot a sling bullet. The sling bullet closely misses Maggie.
The sling bullet barely misses the gnoll.
Unknown command.
You feel better.
Maggie hits you with a +1 scimitar of draining!
* * * LOW HITPOINT WARNING * * *
You feel drained.
* * * LOW HITPOINT WARNING * * *
The gnoll sergeant hits you from afar with a +0 spear!
You die...

####
....#####
...g@@.>#
...g###.#
....
#.####
....
#....#
..g.
#.#.###
#.#...#
#.###.#
#.# #.#
#.#


You could see Maggie (mesmerising), a gnoll sergeant and a gnoll.

Vanquished Creatures
  Menkaure (D:4)
  An ice beast (D:3)
  2 ogres
  2 phantoms (D:5)
  A kobold brigand (D:5)
  An elf zombie (Ossuary)
  3 scorpions
  A howler monkey (D:4)
  2 centaur zombies (Ossuary)
  A human zombie (Ossuary)
  3 hounds (D:5)
  A jelly (D:6)
  An orc priest (D:5)
  Jessica (D:2)
  2 iguanas
  Natasha (thrice) (D:3)
  A sleepcap (D:6)
  2 orc wizards
  3 ogre zombies (Ossuary)
  7 mummies (Ossuary)
  8 gnolls
  4 adders
  A shadow imp (D:5)
  3 adder zombies (Ossuary)
  A worm (D:2)
  6 dart slugs
  9 orcs
  2 endoplasms (D:1)
  2 giant cockroaches
  2 gnoll zombies (Ossuary)
  6 goblins
  10 hobgoblins
  3 jackals (D:1)
  4 quokkas
  4 ball pythons
  4 bats
  3 frilled lizards
  3 goblin zombies (Ossuary)
  5 hobgoblin zombies (Ossuary)
  15 kobolds
  3 kobold zombies (Ossuary)
  2 quokka zombies (Ossuary)
  6 rats
  5 rat zombies (Ossuary)
150 creatures vanquished.

Notes
Turn   | Place    | Note
-------+----------+-------------------------------------------
     0 | D:1      | Newt the Kobold Hunter began the quest for the Orb.
     0 | D:1      | Reached XP level 1. HP: 12/12 MP: 1/1
    79 | D:1      | Reached XP level 2. HP: 13/18 MP: 2/2
   280 | D:1      | Reached XP level 3. HP: 23/23 MP: 3/3
   713 | D:1      | Found a transporter.
  1029 | D:2      | Found a hide-covered altar of Uskayaw.
  1070 | D:2      | Reached XP level 4. HP: 30/30 MP: 4/4
  1153 | D:2      | Noticed Jessica
  1159 | D:2      | Killed Jessica
  1160 | D:2      | Reached skill level 5 in Fighting
  1179 | D:2      | Reached XP level 5. HP: 20/35 MP: 2/5
  1254 | D:2      | Found Urugg's Vocational Training.
  1356 | D:2      | Reached skill level 6 in Ranged Weapons
  1418 | D:2      | Found a faded altar of an unknown god.
  2232 | D:3      | Found a bloodstained altar of Trog.
  2310 | D:3      | Noticed Natasha
  2313 | D:3      | Killed Natasha
  2398 | D:3      | Noticed Natasha
  2405 | D:3      | Killed Natasha
  2406 | D:3      | Reached skill level 7 in Ranged Weapons
  2481 | D:3      | Noticed Natasha
  2486 | D:3      | Killed Natasha
  2487 | D:3      | Reached XP level 6. HP: 32/40 MP: 4/6
  2531 | D:4      | Noticed an ice beast
  2548 | D:3      | Killed an ice beast
  2549 | D:3      | Reached skill level 8 in Ranged Weapons
  2878 | D:4      | Reached XP level 7. HP: 44/44 MP: 7/7
  2898 | D:4      | Reached skill level 9 in Ranged Weapons
  3041 | D:4      | Found Quawil's Antique Weapon Emporium.
  3303 | D:4      | Noticed Menkaure
  3308 | D:4      | Killed Menkaure
  3309 | D:4      | Reached skill level 10 in Ranged Weapons
  3367 | D:5      | Entered Level 5 of the Dungeon
  3415 | D:5      | Reached XP level 8. HP: 49/49 MP: 8/8
  3568 | D:5      | Reached skill level 5 in Dodging
  3737 | D:5      | Found a sand-covered staircase.
  3742 | Ossuary  | Entered an ossuary
  4051 | Ossuary  | Reached skill level 11 in Ranged Weapons
  4994 | D:5      | Reached skill level 12 in Ranged Weapons
  4994 | D:5      | Reached XP level 9. HP: 54/54 MP: 9/9
  5482 | D:6      | Reached skill level 13 in Ranged Weapons
  5560 | D:6      | Noticed Maggie
  5575 | D:6      | Paralysed by Maggie for 4 turns
  5588 | D:6      | Slain by a gnoll sergeant

Illustrated notes

Levels and vault maps discovered:
D:1:      spicycebolla_arrival_transporter_tutorial, layout_basic,
          minmay_misc_feat_tower
D:2:      layout_rooms, shapermc_ecumenical_altar_mp_urbaneastern, basic_altar,
          nicolae_shop_vocational, uniq_jessica
D:3:      layout_loops_ring, bloody_trog, uniq_natasha
D:4:      layout_rooms, serial_shops, nicolae_shop_real_fake_doors,
          uniq_menkaure
D:5:      layout_layer_cave, enter_ossuary_5
D:6:      layout_basic, uniq_maggie

Skill      XL: |  1  2  3  4  5  6  7  8  9 |
---------------+----------------------------+-----
Fighting       | 3 4 5 |  5.0
Ranged Weapons | 7 8 10 12 13 | 13.2
Dodging        | 4 6 |  6.0
Stealth        | |  1.3

Action                     |  1- 3 |  4- 6 |  7- 9 || total
---------------------------+-------+-------+-------++-------
   Fire: Shortbow          |    95 |   118 |   238 ||   451
         Sling             |       |       |    65 ||    65
  Evoke: Wand              |       |     3 |       ||     3
    Use: Scroll            |     4 |     7 |     8 ||    19
         Potion            |     2 |     3 |     3 ||     8
 Armour: Leather armour    |     6 |     5 |    13 ||    24
         Skin              |       |     3 |       ||     3
  Dodge: Dodged            |    54 |    34 |   106 ||   194

Table legend: (Time is in decaauts)
 A = Elapsed time spent in this place.
 B = Non-inter-level travel time spent in this place.
 C = Inter-level travel time spent in this place.
 D = Time resting spent in this place.
 E = Time spent auto-exploring this place.
 F = Levels seen in this place.
 G = Mean time per level.
                   A        B        C        D        E       F      G
               +--------+--------+--------+--------+--------+-----+--------+
         Total |   5598 |   5428 |    170 |    411 |   4116 |   7 |  799.7 |
       Dungeon |   4995 |   4825 |    170 |    410 |   3709 |   6 |  832.5 |
       Ossuary |    603 |    603 |      0 |      1 |    407 |   1 |  603.0 |
               +--------+--------+--------+--------+--------+-----+--------+

Top non-repeatable levels by time:
     D:5: 1450 daAuts
     D:3: 1066 daAuts
     D:1: 987 daAuts
     D:2: 736 daAuts
     D:4: 616 daAuts
 Ossuary: 603 daAuts
     D:6: 138 daAuts
